 Dungeon Crawl Stone Soup version 0.30-a0-585-g93115170b9 (webtiles) character file.

Game seed: 14539068716689694368

662 wormed the Shooter (level 7, 0/58 HPs)
             Began as a Demigod Hunter on Jan 2, 2023.
             Slain by an ice beast (12 damage)
             ... on level 5 of the Dungeon.
             The game lasted 00:04:28 (3717 turns).

wormed the Shooter (Demigod Hunter)                 Turns: 3717, Time: 00:04:28

Health: 0/58       AC:  3    Str: 10 (12) XL:     7   Next: 9%
Magic:  9/9        EV: 14    Int: 10 (11) God:
Gold:   211        SH:  0    Dex: 25      Spells: 6/6 levels left

rFire   . . .      SeeInvis .    a - +2 shortbow
rCold   . . .      Faith    .    (shield currently unavailable)
rNeg    . . .      Spirit   .    c - +0 leather armour
rPois   .          Reflect  .    (no helmet)
rElec   .          Harm     .    (no cloak)
rCorr   .          Rampage  .    (no gloves)
Will    .....                    (no boots)
Stlth   ++                       (no amulet)
HPRegen 0.29/turn                (no ring)
MPRegen 0.11/turn                (no ring)

@: hasted, studying Armour, very quick
A: high MP 1, forlorn, divine attributes
a: no special abilities


You were on level 5 of the Dungeon.
You visited 1 branch of the dungeon, and saw 5 of its levels.

You collected 211 gold pieces.

Inventory:

Hand Weapons
 a - a +2 shortbow (weapon)
Armour
 c - a +0 leather armour (worn)
Wands
 o - a wand of mindburst (15)
Scrolls
 b - 2 scrolls of immolation
 d - a scroll of teleportation
Potions
 n - a potion of ambrosia
 q - a potion of magic {unknown}


   Skills:
 + Level 3.8 Fighting
 * Level 6.1 Ranged Weapons
 + Level 2.6 Armour
 + Level 3.8 Dodging
 - Level 0.8 Stealth


You had 6 spell levels left.
You didn't know any spells.
Your spell library contained the following spells:

 Spells                   Type           Power      Damage    Failure   Level
 Dazzling Flash           Conj/Hex       0%         N/A       83%         3
 Iskenderun's Mystic Bla  Conj/Tloc      0%         2d3       99%         4
 Starburst                Conj/Fire      0%         6d3       100%        6


Dungeon Overview and Level Annotations

Branches:
Dungeon (5/15)
 Temple: D:4-7

Annotations:
D:3 Robin


Innate Abilities, Weirdness & Mutations

You have an increased reservoir of magic. (+10% MP)
You shall have no god before yourself.
Your divine heritage dramatically boosts your attributes as you level up.


Message History

The ice beast hits you. The ice beast freezes you!
You shoot an arrow. The arrow barely misses the ice beast.
The arrow hits the hound!
The hound is severely wounded.
The adder closely misses you.
The ice beast hits you but does no damage.
The hound closely misses you. The adder bites you but does no damage.
The ice beast misses you.
You shoot an arrow. The arrow hits the hound.
You kill the hound!
The adder bites you.
You are poisoned.
The adder poisons you! The ice beast misses you.
You feel your dexterity returning.
You shoot an arrow. The arrow closely misses the ice beast.
You feel very sick. The adder completely misses you.
The ice beast barely misses you. The adder misses you.
You shoot an arrow.
The arrow hits the ice beast but does no damage.
You feel sick. The adder bites you. The ice beast hits you.
The ice beast freezes you!
* * * LOW HITPOINT WARNING * * *
The adder bites you.
* * * LOW HITPOINT WARNING * * *
You are more poisoned.
The adder poisons you!
You are too injured to fight recklessly!
You are too injured to fight recklessly!
You are too injured to fight recklessly!
You are too injured to fight recklessly!
You feel yourself speed up.
You feel sick. The ice beast hits you.
* * * LOW HITPOINT WARNING * * *
The ice beast freezes you.
* * * LOW HITPOINT WARNING * * *
The adder misses you.
You feel better. The ice beast hits you.
* * * LOW HITPOINT WARNING * * *
The ice beast freezes you!
You die...

##.#..# +.....### .
##.#....# ..
#.#.##.##### ...
#....#.....# ....
#####..#...#.#
.....######......#####.#
......S...#..(.........#
......Y@..#......#######
#####.....#......#
#.....#......#
#...........##
#...........#
#####.......# #.[.....#
#.......# #.......#


You could see an ice beast and an adder.

Vanquished Creatures
  An ogre (D:4)
  A phantom (D:4)
  2 kobold brigands (D:3)
  A scorpion (D:5)
  3 hounds
  An orc wizard (D:4)
  Ijyb (D:3)
  A statue (D:4)
  A gnoll (D:1)
  5 adders
  2 dart slugs
  3 orcs
  5 ball pythons
  12 endoplasms
  2 giant cockroaches
  12 goblins
  9 hobgoblins
  2 jackals (D:4)
  4 quokkas
  4 bats
  4 frilled lizards
  14 kobolds
  3 rats (D:1)
93 creatures vanquished.

Notes
Turn   | Place    | Note
-------+----------+-------------------------------------------
     0 | D:1      | wormed the Demigod Hunter began the quest for the Orb.
     0 | D:1      | Reached XP level 1. HP: 17/17 MP: 3/3
   239 | D:1      | Reached XP level 2. HP: 24/24 MP: 4/4
   526 | D:1      | Reached skill level 4 in Ranged Weapons
   722 | D:1      | Reached XP level 3. HP: 22/29 MP: 5/5
  1889 | D:3      | Noticed Robin
  2022 | D:3      | Noticed Ijyb
  2031 | D:3      | Killed Ijyb
  2032 | D:3      | Reached XP level 4. HP: 26/36 MP: 6/6
  2297 | D:3      | Noticed a kobold brigand
  2323 | D:3      | Killed a kobold brigand
  2324 | D:3      | Reached skill level 5 in Ranged Weapons
  2324 | D:3      | Reached XP level 5. HP: 40/45 MP: 7/7
  2633 | D:3      | Identified the +7 mace of Dawn {drain, rPois Stlth+}
  2756 | D:5      | Entered Level 5 of the Dungeon
  2764 | D:5      | Reached XP level 6. HP: 15/51 MP: 8/8
  2771 | D:5      | HP: 2/51 [hound (1)]
  2779 | D:5      | Reached skill level 1 in Armour
  3111 | D:4      | Reached skill level 6 in Ranged Weapons
  3111 | D:4      | Reached XP level 7. HP: 11/58 MP: 9/9
  3717 | D:5      | Slain by an ice beast

Illustrated notes

Levels and vault maps discovered:
D:1:      roderic_crop_circles_arrival_small, layout_loops_corners,
          shapermc_ecumenical_altar_mp_vishouse, minmay_misc_feat_pillars
D:2:      layout_loops_corners, minmay_pentomino_u2
D:3:      cheibrodos_thug_alley, layout_rooms, lemuel_blue_sif_altar,
          uniq_robin, uniq_ijyb
D:4:      layout_rooms, vehumet_statue, serial_glass, glass_columns_a,
          glass_columns_a, due_unseen_surprise, feat_on_display,
          item_on_display_b, feat_on_display
D:5:      layout_basic

Skill      XL: |  1  2  3  4  5  6 |
---------------+-------------------+-----
Fighting       | 2 3 |  3.8
Dodging        | 2 3 |  3.8
Ranged Weapons | 4 5 6 |  6.1
Armour         | 2 |  2.6
Stealth        | |  0.8

Action                   |  1- 3 |  4- 6 |  7- 9 || total
-------------------------+-------+-------+-------++-------
Melee: Shortbow          |       |     3 |       ||     3
 Fire: Shortbow          |   119 |   121 |    29 ||   269
Evoke: Wand              |       |     2 |       ||     2
  Use: Scroll            |       |     6 |     4 ||    10
       Potion            |       |     6 |     2 ||     8
Armor: Leather armour    |    14 |    13 |     2 ||    29
       Skin              |       |     4 |       ||     4
Dodge: Dodged            |    41 |    78 |     8 ||   127

Table legend: (Time is in decaauts)
 A = Elapsed time spent in this place.
 B = Non-inter-level travel time spent in this place.
 C = Inter-level travel time spent in this place.
 D = Time resting spent in this place.
 E = Time spent auto-exploring this place.
 F = Levels seen in this place.
 G = Mean time per level.
                   A        B        C        D        E       F      G
               +--------+--------+--------+--------+--------+-----+--------+
         Total |   3815 |   3663 |    152 |    136 |   2954 |   5 |  763.0 |
       Dungeon |   3815 |   3663 |    152 |    136 |   2954 |   5 |  763.0 |
               +--------+--------+--------+--------+--------+-----+--------+

Top non-repeatable levels by time:
     D:1: 1042 daAuts
     D:2: 981 daAuts
     D:4: 823 daAuts
     D:3: 735 daAuts
     D:5: 232 daAuts
